Luna, lawful female human Valkyrie --- --..| --.-- ---...--- |...| ----- |.......-- |..-- -...| |........| ---.----....| ------ -......- |...| |.....| --.|..| --- |.....-- |.-----.|..-- |.....---.---|.....| -.... |.| |...|--- --..........-|@..|.| |...... ---- |.| -^--- |...........|A--|.| |...(.. |...-|.|...| ---...........| |.| -...--------- |.^..|.|.).- --- |...---....--- |.| |.......[.).--------------...|....--.- -.-----....| |.---|.-------((...................).......--- .. -......| |...-|.| |..------------.----......---#..- - ..-..--.|------..|.| ---- --- --....---...... --..| ..|...||.--.---|....| |.---.............-- |.<| ---.---|......||....--- |..................- ---- ---...| --......|---....- --.....---.---...... |...-----......-- ---...| ---..-- --- --.... |...........|..| ---.| ---- ----- ---------------- -- Luna the Fighter Experience level: 7 Strength: 16 Dexterity: 10 Constitution: 18 Intelligence: 10 Wisdom: 7 Charisma: 10 Health: 0(69) Energy: 22(22) Def: 12 Gold: 95 Moves: 4983 Dungeon seed: b6WCuzs_-swFJ_fo Game ID: Luna_1512090544 Your Inventory: Coins $ - 95 gold pieces Amulets o - an uncursed amulet versus poison (being worn) Weapons a - the blessed rustproof +1 Excalibur b - an uncursed +0 dagger Armor e - an uncursed +3 small shield (being worn) j - an uncursed +0 splint mail (being worn) q - an uncursed rusty +0 orcish helm (being worn) r - an uncursed +0 pair of jumping boots (being worn) O - an uncursed +0 pair of leather gloves (being worn) Comestibles c - 3 uncursed food rations f - an uncursed lembas wafer p - 2 uncursed pears w - an uncursed fortune cookie Q - 3 cursed food rations R - a cursed fortune cookie Scrolls s - an uncursed scroll of light t - an uncursed scroll of confuse monster x - an uncursed scroll of blank paper H - an uncursed scroll of enchant weapon L - 2 blessed scrolls of teleportation T - a cursed scroll of confuse monster Potions l - an uncursed potion of water v - an uncursed potion of healing U - a cursed potion of oil Rings g - an uncursed ring of protection from shape changers (on left hand) M - an uncursed ring of polymorph control (on right hand) P - an uncursed +0 ring of searching Wands h - an uncursed wand of light (0:11) J - an uncursed wand of sleep (0:0) V - a cursed wand of sleep (0:0) Tools d - an uncursed oil lamp (0:1102) i - an uncursed towel k - a cursed skeleton key m - a cursed +0 pick-axe (weapon in hand) u - an uncursed tin whistle z - an uncursed blindfold B - an uncursed partly used wax candle (lit) (0:394) C - a blessed wax candle (0:400) F - an uncursed stethoscope G - an uncursed bell W - a cursed bag of holding X - a cursed can of grease (0:19) Z - an uncursed can of grease (0:19) Gems n - an uncursed worthless piece of white glass y - an uncursed worthless piece of black glass A - 2 uncursed aquamarine stones E - an uncursed worthless piece of orange glass I - 2 uncursed worthless pieces of green glass K - an uncursed worthless piece of blue glass N - an uncursed jade stone Y - 4 uncursed worthless pieces of violet glass Spells and supernatural/magical abilities: Spells marked with '*' are forgotten. Spells marked with '!' are maintained. Spells marked with '#' are aliased with 'castalias'. Name Level Category Fail Memory W - pray for help -- divine ? -- Y - supernatural jump -- ability ? -- Your skills at the end: Fighting Skills wands [Basic] Weapon Skills dagger [Basic] long sword [Skilled] Spellcasting Skills Final Attributes: You were immune to cold. You were immune to poison. You were stealthy. You could jump. You were protected from shape changers. You had polymorph control. You were fast. You were very unlucky. You angered your god 33 turns ago. Tyr was angry with you. You are dead. Vanquished creatures: a ghost a water demon a large dog a watchman an ice vortex a lizard a dog a housecat a blue jelly a quasit 6 Uruk-hai a rock piercer a fog cloud 2 shriekers 9 gnome lords 5 gnomish wizards a kobold mummy 3 giant ants a little dog a floating eye a kitten 4 dwarves a homunculus a kobold lord a kobold shaman 6 hill orcs a giant bat 4 monkeys an orc zombie a dwarf zombie 2 iguanas an acid blob a coyote a hobbit a giant rat a cave spider a brown mold 2 yellow molds a green mold 42 gnomes 4 gnome zombies 4 geckos 7 jackals a fox a kobold a goblin 7 grid bugs 4 bats 5 lichens 5 newts 153 creatures vanquished. Voluntary challenges: You had been an atheist until turn 3936. You used a wielded weapon 197 times, starting on turn 42. You read items or engraved 3 times, starting on turn 743. You never genocided any monsters. You never polymorphed an object. You changed form 1 time, starting on turn 4200. You used no wishes. You never split a pudding. You wrote Elbereth's name 1 time, starting on turn 743. You violated your moral code, losing 35 points of alignment, starting on turn 2722. Dungeon overview: The Dungeons of Doom: levels 1 to 5 Level 1 a long staircase Level 2 a vault stairs to The Gnomish Mines Level 3 Level 4 Level 5 The Gnomish Mines: levels 3 to 8 Level 3 stairs to The Dungeons of Doom Level 4 Level 5 Level 6 a temple to Tyr, a fountain, a sink Level 7 Level 8 <- You were here History has recorded: On T:1 you entered the Dungeons of Doom to retrieve the Amulet of Yendor! On T:349 you reached level 2 of The Dungeons of Doom. On T:581 you advanced to experience level 2. On T:831 you reached level 3 of The Dungeons of Doom. On T:1110 you advanced to experience level 3. On T:1166 you reached level 4 of The Dungeons of Doom. On T:1527 you advanced to experience level 4. On T:1817 you reached level 5 of The Dungeons of Doom. On T:2115 you advanced to experience level 5. On T:2510 you advanced to experience level 6. On T:2683 you reached level 1 of The Gnomish Mines. On T:3026 you reached level 2 of The Gnomish Mines. On T:3224 you advanced to experience level 7. On T:3420 you reached level 3 of The Gnomish Mines. On T:3626 you reached level 4 of The Gnomish Mines. On T:4050 you reached level 5 of The Gnomish Mines. On T:4283 you advanced to experience level 8. On T:4402 you reached level 6 of The Gnomish Mines. Score breakdown: Gold: 95 ( 6743 points) Experience: 7 levels (13645 points) Exploration: 8 levels ( 17.02%) (11702 points) Discoveries: 15 items ( 6.02%) ( 7363 points) Valuables value: (no points given unless you survive) Artifact value: 4000 (12253 points) Variety of kills: 50 monsters ( 13.16%) (10882 points) Turncount: 4983 turns (-1349 points) Survival: died (score multiplied by 80%) Total score: 48991 Latest messages: A lit field surrounds you! You don't have that object. You don't have that object. You don't have that object. Your candle's flame burns brightly! You feel an absence of magical power. > You don't have that object. You feel an absence of magical power. The Angel of Tyr swings her long sword at you. The Angel of Tyr hits! The Angel of Tyr swings her long sword at you. The Angel of Tyr hits! You die... The bag of holding is empty. Final status: Farvel Luna the Valkyrie, killed by an Angel of Tyr... You died in The Gnomish Mines on dungeon level 8 with 48991 points, and 95 pieces of gold, after 4983 moves. You were level 7 with a maximum of 69 hit points when you died.